 Dungeon Crawl Stone Soup version 0.32-a0-918-g0f22ef8d61 (webtiles) character file.

Game seed: 17333428351647465133

8019 fdshfn the Destroyer (level 11, 0/97 HPs)
             Began as an Oni Conjurer on Apr 9, 2024.
             Was a Priest of Vehumet.
             Slain by a wyvern (16 damage)
             ... on level 1 of the Lair of Beasts on Apr 10, 2024.
             The game lasted 01:08:15 (11190 turns).

fdshfn the Destroyer (Oni Conjurer)                Turns: 11190, Time: 01:08:16

Health: 0/97       AC:  8    Str: 13    XL:     11   Next: 24%
Magic:  1/23       EV:  8    Int: 23    God:    Vehumet [***...]
Gold:   445        SH:  0    Dex:  7    Spells: 1/26 levels left

rFire   + . .        o - +2 dagger (venom)
rCold   + . .        (no shield)
rNeg    . . .        w - +0 acid dragon scales
rPois   .            (helmet restricted)
rElec   .            C - +0 cloak
rCorr   +            (gloves unavailable)
SInv    .            (boots unavailable)
Will    +....        (no amulet)
Stlth   +            k - ring of protection from fire
HPRegen 0.36/turn    q - ring of protection from cold
MPRegen 0.18/turn

%: no passive effects
@: immotile
A: large, unfitting armour, horns 1, tough skin 1, double potion healing,
drunken brawling
a: Renounce Religion


You were on level 1 of the Lair of Beasts.
You worshipped Vehumet.
Vehumet was most pleased with you.
You visited 3 branches of the dungeon, and saw 11 of its levels.

You collected 445 gold pieces.

Inventory:

Hand Weapons
 o - a +2 dagger of venom (weapon)
 v - a +0 mace of holy wrath
 y - a +2 trident of draining
Missiles
 c - 25 poisoned darts
 g - 85 stones
 r - 4 darts of dispersal
 t - 5 curare-tipped darts
 u - a throwing net
Armour
 w - +0 acid dragon scales (worn)
 z - an orb of mayhem
 C - a +0 cloak (worn)
 D - a +2 robe of fire resistance
Magical Staves
 b - a staff of cold
 e - a staff of earth
Jewellery
 k - a ring of protection from fire (left hand)
 q - a ring of protection from cold (right hand)
Wands
 x - a wand of paralysis (3)
 B - a wand of iceblast (15)
Scrolls
 f - a scroll of teleportation {!}
 h - a scroll of poison {unknown}
 j - a scroll of noise
 l - 2 scrolls of vulnerability
 n - 3 scrolls of immolation
 p - a scroll of amnesia
 s - a scroll of fog
 A - a scroll of enchant weapon
Potions
 d - a potion of enlightenment
 i - 3 potions of might
 m - a potion of cancellation
 E - a potion of curing {unknown}


   Skills:
 - Level 3.0 Fighting
 + Level 0.1 Armour
 + Level 2.2 Dodging
 - Level 1.7 Stealth
 + Level 8.0 Spellcasting
 - Level 13.5 Conjurations
 - Level 4.0 Translocations
 + Level 0.1 Fire Magic
 - Level 2.0 Alchemy


You had one spell level left.
You knew the following spells:

 Your Spells              Type           Power      Damage    Failure   Level
a - Magic Dart            Conj           100%       1d8       1%          1
l - Blink                 Tloc           54%        N/A       3%          2
p - Fulminant Prism       Conj/Alch      22%        3d12      1%          4
r - Searing Ray           Conj           100%       2d8       1%          2
t - Volatile Blastmotes   Fire/Tloc      36%        2d13      3%          3
v - Mercury Vapours       Alch/Air       26%        N/A       2%          2
w - Flame Wave            Conj/Fire      40%        2d11      1%          4
x - Foxfire               Conj/Fire      100%       2x1d9     1%          1
B - Iskenderun's Mystic   Conj/Tloc      49%        2d11      (+2d51%     4
M - Momentum Strike       Conj/Tloc      98%        3d10      1%          2

Your spell library contained the following spells:

 Spells                   Type           Power      Damage    Failure   Level
 Static Discharge         Conj/Air       80%        3-7/arc   1%          2
 Lesser Beckoning         Tloc           54%        N/A       3%          2
 Airstrike                Air            4%         2d(1-17)  24%         4
 Summon Lightning Spire   Summ/Air       9%         N/A       69%         4


Dungeon Overview and Level Annotations

Branches:
Dungeon (8/15)             Temple (1/1) D:4            Lair (2/5) D:8
  Swamp: Lair:2-3    Shoals: Lair:2-3     Snake: Lair:2-3    Spider: Lair:2-3

Altars:
Ashenzari
Cheibriados
Dithmenos
Elyvilon
Fedhas
Gozag
Hepliaklqana
Kikubaaqudgha
Nemelex Xobeh
Okawaru
Qazlal
Ru
Sif Muna
Trog
Uskayaw
Vehumet
Wu Jian
Yredelemnul
Zin

Shops:
D:4 [

Annotations:
D:1 exclusion: downstairs
D:3 exclusion: 2 downstairs
D:4 exclusion: 2 upstairs, Sigmund
D:5 exclusion: 2 downstairs
D:6 2 transporters, exclusions: 2 downstairs and 1 more exclusion, KEVIN's ghost, novice KoHu


Innate Abilities, Weirdness & Mutations

You are too large for most types of armour.
You have a pair of small horns on your head.
You have tough skin. (AC +1)
You gain doubled healing and magic from potions.
Whenever you drink a healing potion, you attack all around you.


Message History

Aiming: Paralyse
Press: ? - help, Shift-Dir - straight line, f - wyvern
Aim: a wyvern (chance to affect: 49%)
Okay, then.
Press: ? - help, v - describe, . - travel
Here: a wyvern The floor.
Unknown command.
Casting: Iskenderun's Mystic Blast (mildly dangerous; 1% risk of failure)
Confirm with . or Enter, or press ? or * to list all spells.
Okay, then.
Unknown command.
Unknown command.
Casting: Iskenderun's Mystic Blast (mildly dangerous; 1% risk of failure)
Confirm with . or Enter, or press ? or * to list all spells.
You conjure some foxfire!
The foxfire hits the wyvern.
The wyvern is lightly wounded.
The foxfire hits the wyvern.
The wyvern is moderately wounded.
Casting: Foxfire (safe; 1% risk of failure)
Confirm with . or Enter, or press ? or * to list all spells.
You conjure some foxfire!
Unknown command.
Casting: Foxfire (safe; 1% risk of failure)
Confirm with . or Enter, or press ? or * to list all spells.
Aiming: Momentum Strike (safe; 1% risk of failure)
Press: ? - help, Dir - move target, f - wyvern
Aim: a wyvern (moderately wounded, ally target, 78% to hit)
The concentrated momentum hits the wyvern!
The wyvern is almost dead.
You are unable to move.
The foxfire hits the wyvern but does no damage.
The wyvern is almost dead.
The foxfire hits the wyvern but does no damage.
The wyvern is almost dead.
Casting: Momentum Strike (safe; 1% risk of failure)
Confirm with . or Enter, or press ? or * to list all spells.
You conjure some foxfire!
The wyvern bites you!
You die...

...............#
................#
................#
...............##
.........?......#
...............#
..............#
....[..vk§...##
.#...@v....#
###.##....# ..
#### ##.###
....##.## ###
........####
.....#..##.####
.#...~≈.~~....#
... .
.....~~≈≈~~~~..#
#.. ...#
#....≈≈≈≈..~P~.#
..#


You could see a wyvern (ally target).

Vanquished Creatures
  Maurice (D:7)
  A black mamba (Lair:1)
  A cane toad (Lair:1)
  A rime drake (D:8)
  A komodo dragon (Lair:2)
  Jeremiah (D:7)
  Eustachio (D:6)
  A basilisk (Lair:1)
  12 yaks
  2 vampire mosquitoes (Lair:1)
  Menkaure (D:5)
  An acid dragon (D:8)
  A swamp worm (Lair:2)
  2 water moccasins (Lair:1)
  Duvessa (D:7)
  2 orc warriors
  2 black bears (D:5)
  4 ice beasts
  An ogre (D:5)
  8 wolves
  3 kobold brigands
  A phantom (D:5)
  4 bullfrogs
  4 scorpions
  3 wights (D:8)
  Dowan (D:7)
  4 killer bees (D:8)
  A vampire bat (D:5)
  2 howler monkeys (D:6)
  A bombardier beetle (D:6)
  4 hounds
  2 sleepcaps
  4 iguanas
  4 orc wizards
  A gnoll (D:6)
  7 adders
  2 white imps
  4 ufetubi (D:5)
  2 ribbon worms
  15 orcs
  7 ball pythons
  3 bat skeletons (D:5)
  2 bat zombies (D:5)
  4 endoplasms
  3 giant cockroaches
  8 goblins
  8 hobgoblins
  2 jackals (D:2)
  6 quokkas
  A frilled lizard (D:2)
  20 kobolds
  6 rats
184 creatures vanquished.

Vanquished Creatures (others)
  275 foxfires
  34 fulminant prisms
309 creatures vanquished.

Grand Total: 493 creatures vanquished

Notes
Turn   | Place    | Note
-------+----------+-------------------------------------------
     0 | D:1      | fdshfn the Oni Conjurer began the quest for the Orb.
     0 | D:1      | Reached XP level 1. HP: 16/16 MP: 3/3
   486 | D:1      | Reached XP level 2. HP: 24/24 MP: 2/5
  1180 | D:1      | Learned a level 2 spell: Searing Ray
  1512 | D:2      | Reached skill level 1 in Fighting
  1512 | D:2      | Reached XP level 3. HP: 33/33 MP: 4/7
  1907 | D:2      | Reached XP level 4. HP: 42/42 MP: 2/9
  2292 | D:4      | Found Wyalytaz's Armour Boutique.
  2376 | D:3      | Found an ornate altar of the Wu Jian Council.
  2698 | D:3      | Found a shadowy altar of Dithmenos.
  2703 | D:3      | Found a white marble altar of Elyvilon.
  2709 | D:3      | Found a blossoming altar of Fedhas.
  2868 | D:3      | Found a basalt altar of Yredelemnul.
  3303 | D:5      | Entered Level 5 of the Dungeon
  3404 | D:4      | Noticed Sigmund
  3608 | D:5      | Found an ancient bone altar of Kikubaaqudgha.
  3637 | D:5      | Reached XP level 5. HP: 53/53 MP: 7/11
  3708 | D:5      | Learned a level 4 spell: Fulminant Prism
  3713 | D:5      | Learned a level 4 spell: Iskenderun's Mystic Blast
  3772 | D:5      | Noticed Menkaure
  3784 | D:5      | Killed Menkaure
  3785 | D:5      | Reached skill level 5 in Spellcasting
  3785 | D:5      | Reached skill level 4 in Conjurations
  3785 | D:5      | Reached XP level 6. HP: 33/61 MP: 4/14
  3909 | D:5      | Noticed a black bear
  3914 | D:5      | Killed a black bear
  4074 | D:5      | Noticed a black bear
  4095 | D:5      | Reached XP level 7. HP: 67/67 MP: 6/16
  4225 | D:5      | Found a radiant altar of Vehumet.
  4232 | D:5      | Upgraded the game from 0.32-a0-913-g739538afd8 to
                  | 0.32-a0-918-g0f22ef8d61
  4264 | D:5      | Reached skill level 5 in Conjurations
  4316 | D:5      | Became a worshipper of Vehumet
  4680 | D:5      | Learned a level 2 spell: Blink
  4683 | D:5      | Learned a level 2 spell: Momentum Strike
  5161 | D:5      | Reached skill level 1 in Translocations
  5227 | D:6      | Noticed Eustachio
  5375 | D:6      | Noticed a boulder beetle
  5539 | D:5      | Found a broken altar of Ashenzari.
  5596 | D:5      | Reached XP level 8. HP: 75/75 MP: 9/18
  5847 | D:4      | Found a staircase to the Ecumenical Temple.
  5855 | Temple   | Entered the Ecumenical Temple
  6194 | D:6      | Reached * piety under Vehumet
  6194 | D:6      | Offered knowledge of Foxfire by Vehumet.
  6195 | D:6      | Reached skill level 6 in Conjurations
  6274 | D:6      | Learned a level 1 spell: Foxfire
  6417 | D:6      | Noticed KEVIN's ghost (novice KoHu)
  6423 | D:6      | Found a transporter.
  6426 | D:6      | Found a transporter.
  6463 | D:7      | Noticed Duvessa
  6465 | D:7      | Noticed Dowan
  6768 | D:6      | Reached skill level 1 in Alchemy
  6772 | D:6      | Noticed a yak
  6778 | D:6      | Killed a yak
  6940 | D:7      | Found a sacrificial altar of Ru.
  6940 | D:7      | Found a glowing silver altar of Zin.
  6947 | D:7      | Noticed Maurice
  7100 | D:8      | Reached XP level 9. HP: 74/81 MP: 11/21
  7132 | D:8      | Reached skill level 7 in Conjurations
  7152 | D:8      | Reached ** piety under Vehumet
  7257 | D:7      | Offered knowledge of Mercury Vapours by Vehumet.
  7477 | D:8      | Reached skill level 8 in Conjurations
  7497 | D:8      | Noticed a rime drake
  7504 | D:8      | Killed a rime drake
  7506 | D:8      | Reached skill level 9 in Conjurations
  7890 | D:7      | Killed Dowan
  7901 | D:7      | Killed Duvessa
  8092 | D:6      | Reached skill level 10 in Conjurations
  8108 | D:6      | Reached XP level 10. HP: 91/91 MP: 13/22
  8163 | D:6      | Noticed a cyclops
  8191 | D:5      | Learned a level 2 spell: Mercury Vapours
  8602 | D:6      | Killed Eustachio
  9167 | D:7      | Noticed Jeremiah
  9173 | D:7      | Killed Jeremiah
  9313 | D:7      | Offered knowledge of Volatile Blastmotes by Vehumet.
  9324 | D:7      | Learned a level 3 spell: Volatile Blastmotes
  9695 | D:7      | Killed Maurice
  9696 | D:7      | Reached skill level 11 in Conjurations
  9946 | D:8      | Found a staircase to the Lair.
  9955 | Lair:1   | Entered Level 1 of the Lair of Beasts
 10047 | Lair:1   | Noticed a cane toad
 10104 | Lair:1   | Killed a cane toad
 10110 | Lair:1   | Reached skill level 12 in Conjurations
 10114 | Lair:1   | Reached *** piety under Vehumet
 10288 | Lair:1   | Noticed a swamp dragon
 10298 | Lair:1   | Noticed a skyshark
 10610 | Lair:1   | Reached XP level 11. HP: 97/97 MP: 19/23
 10618 | Lair:1   | Reached skill level 13 in Conjurations
 10624 | Lair:1   | Offered knowledge of Flame Wave by Vehumet.
 10642 | Lair:1   | Learned a level 4 spell: Flame Wave
 11190 | Lair:1   | Slain by a wyvern

Illustrated notes

Levels and vault maps discovered:
D:1:      lemuel_arrival_broad_hall, layout_loops_ring
D:2:      layout_basic
D:3:      layout_loops_ring, lemuel_crystal_altar, minitemple,
          nzn_wu_jian_council_hall, serial_forest, infiniplex_forest_lined_2,
          infiniplex_forest_clump_long, infiniplex_forest_end_1,
          infiniplex_forest_fountain, infiniplex_forest_split
D:4:      layout_gridville, minmay_temple_entry_junction_2, serial_shops,
          nicolae_shop_hallway_stairs, uniq_sigmund
D:5:      layout_gridville, lemuel_coloured_pillars_altar,
          mainiacjoe_overflow_24_doors, kennysheep_vampire_church, uniq_menkaure
D:6:      layout_basic, gammafunk_ghost_arena, minmay_divided_ellipse,
          uniq_eustachio
D:7:      layout_loops_cross, chequers_temple_overflow_statue_of_worship,
          uniq_jeremiah, uniq_duvessa, uniq_maurice
D:8:      layout_rooms, hellmonk_lair_entry_icy
Temple:   hellmonk_temple_forest_ring
Lair:1:   layout_cave_pods, hellmonk_ghost_happy_afterlife, enter_volcano_3,
          pond
Lair:2:   layout_layer_cave, palyth_hydra_swamp_entry, serial_bayou,
          serial_bayou_shore_b, serial_bayou_pond_b, serial_bayou_lagoon_b,
          serial_bayou_pond_c, ebering_ghost_inner_flame,
          pdpol_lair_neglected_garden, chequers_serial_rivers_small_a,
          patterned_corridor

Skill      XL: |  1  2  3  4  5  6  7  8  9 10 11 |
---------------+----------------------------------+-----
Dodging        | 2 |  2.2
Spellcasting   | 3 4 5 6 7 8 |  8.0
Fighting       | 1 2 3 |  3.0
Conjurations   | 4 5 6 10 12 13 | 13.5
Translocations | 2 4 |  4.0
Alchemy        | 2 |  2.0
Armour         | |  0.1
Stealth        | |  1.7
Fire Magic     | |  0.1

Action                     |  1- 3 |  4- 6 |  7- 9 | 10-12 || total
---------------------------+-------+-------+-------+-------++-------
  Melee: Club              |     3 |     1 |     2 |       ||     6
         Dagger            |       |       |       |     9 ||     9
         Headbutt          |       |       |       |     1 ||     1
   Cast: Magic Dart        |    53 |    53 |    55 |     5 ||   166
         Searing Ray       |     4 |    10 |    37 |    19 ||    70
         Momentum Strike   |       |       |     8 |     3 ||    11
         Fulminant Prism   |       |       |    16 |    18 ||    34
         Foxfire           |       |       |    71 |    90 ||   161
         Iskenderun's Myst |       |       |     5 |    13 ||    18
         Volatile Blastmot |       |       |       |     4 ||     4
         Mercury Vapours   |       |       |       |     2 ||     2
         Flame Wave        |       |       |       |     2 ||     2
  Evoke: Wand              |       |       |       |     6 ||     6
    Use: Scroll            |     3 |     6 |     5 |     5 ||    19
         Potion            |       |       |       |     3 ||     3
   Stab: Sleeping          |       |     1 |       |       ||     1
         Paralysed         |       |       |       |     5 ||     5
 Armour: Robe              |     6 |    26 |    43 |       ||    75
         Acid dragon scale |       |       |     7 |   112 ||   119
  Dodge: Dodged            |     2 |    23 |    33 |    55 ||   113

Table legend: (Time is in decaauts)
 A = Elapsed time spent in this place.
 B = Non-inter-level travel time spent in this place.
 C = Inter-level travel time spent in this place.
 D = Time resting spent in this place.
 E = Time spent auto-exploring this place.
 F = Levels seen in this place.
 G = Mean time per level.
                   A        B        C        D        E       F      G
               +--------+--------+--------+--------+--------+-----+--------+
         Total |  11212 |  10404 |    808 |   2386 |   6162 |  11 | 1019.3 |
       Dungeon |   9975 |   9226 |    749 |   1804 |   5891 |   8 | 1246.9 |
        Temple |      1 |      1 |      0 |      0 |      0 |   1 |    1.0 |
          Lair |   1234 |   1176 |     58 |    582 |    271 |   2 |  617.0 |
               +--------+--------+--------+--------+--------+-----+--------+

Top non-repeatable levels by time:
     D:5: 2406 daAuts
     D:6: 1785 daAuts
     D:7: 1290 daAuts
  Lair:1: 1196 daAuts
     D:1: 1109 daAuts
     D:2: 1082 daAuts
     D:3: 1074 daAuts
     D:4: 679 daAuts
     D:8: 546 daAuts
  Lair:2: 38 daAuts
  Temple: 1 daAuts
